Cogmind - Beta 14 @@@ ROGUE MODE // 2024.12.28 @ 00:27:29 Player: Golinth Result: Self-destructed Performance ------------- Evolutions (1) 500 Regions Visited (2) 400 Robots Destroyed (33) 165 Value Destroyed (791) 791 Prototype IDs (0) 0 Alien Tech Used (0) 0 Bonus (0) 0 TOTAL SCORE: 1856 Bonus ------- None Cogmind --------- Core Integrity 89/400 Matter 237/300 Energy 100/100 System Corruption 0% Temperature Cool (0) Movement Core (200) Ox3 Location -9/Materials Parts ------- > --- POWER (1) -------- (None) > --- PROPULSION (2) --- (None) > --- UTILITY (4) ------ Medium Storage Unit Structural Scanner Transport Network Coupler > --- WEAPON (2) ------- (None) > --- INVENTORY (10) --- Flight Unit Flight Unit Flight Unit Weight Redist. System Sensor Array Signal Interpreter Seismic Detector Hacking Suite Peak State ------------ > --- POWER ------------ Ion Engine > --- PROPULSION ------- Aluminum Leg Improved Aluminum Leg > --- UTILITY ---------- Medium Storage Unit Structural Scanner Seismic Detector Transport Network Coupler > --- WEAPON ----------- Heavy Assault Rifle Heavy Assault Rifle > --- INVENTORY -------- Light Ion Engine Aluminum Leg Flight Unit Flight Unit Flight Unit Weight Redist. System Sensor Array Signal Interpreter Hacking Suite Assault Rifle [Rating: 13] Favorites ----------- Power Ion Engine Engine Ion Engine Propulsion Aluminum Leg Leg Aluminum Leg Flight Unit Flight Unit Utility Seismic Detector Device Seismic Detector Storage Small Storage Unit Processor Transport Network Coupler Protection Light Armor Plating Weapon Assault Rifle Energy Gun Small Laser Ballistic Gun Assault Rifle Special Melee Weapon Datajack Build | -11 -10 -9 ------- Run | Yrd Mat Mat Slots Evolved 2 | . . 2 Power . | . . . Propulsion . | . . . Utility 2 | . . 2 Weapon . | . . . Parts Attached 43 | 6 17 20 Power 5 | 1 3 1 Engine 5 | 1 3 1 Core . | . . . Reactor . | . . . Propulsion 13 | 2 6 5 Treads . | . . . Leg 11 | 2 6 3 Wheel . | . . . Hover . | . . . Flight 2 | . . 2 Utility 10 | 1 4 5 Device 5 | . 2 3 Storage 2 | 1 1 . Processor 1 | . 1 . Hackware . | . . . Protection 2 | . . 2 Artifact . | . . . Weapon 15 | 2 4 9 Energy Gun 2 | 1 1 . Energy Cannon . | . . . Ballistic Gun 12 | 1 3 8 Ballistic Cannon . | . . . Launcher . | . . . Special Weapon . | . . . Impact Weapon . | . . . Slashing Weapon . | . . . Piercing Weapon . | . . . Special Melee Weapon 1 | . . 1 Unidentified Prototypes . | . . . Parts Lost 12 | . 3 9 Power 3 | . 1 2 Propulsion 3 | . . 3 Utility 2 | . 1 1 Weapon 4 | . 1 3 Highest Loss Streak 9 | . 2 9 To Critical Strikes . | . . . Average Slot Usage (%) 97 | . 97 96 Engine 12 | . 14 10 Leg 25 | . 28 20 Device 14 | . 9 21 Storage 12 | . 14 11 Processor 5 | . 2 11 Energy Gun 3 | . 5 . Ballistic Gun 21 | . 22 20 Peak Build Rating 13 | 6 8 13 Average Rating 8 | 4 7 10 On Entrance 4 | . 6 8 Naked Turns . | . . . Heaviest Build 24 | 11 19 24 Greatest Support 23 | 20 20 23 Greatest Overweight (x) 4 | . . 4 Average Overweight (x) . | . . . Largest Inventory Capacity 10 | 8 10 10 Average Capacity 8 | 6 8 10 Most Carried 10 | 5 10 10 Average Carried 7 | 2 7 9 Final Capacity 10 | 8 10 10 Final Carried 10 | 2 10 8 Class Distribution -------------------- 55% | Mutant 44% | Scavenger-Mutant Dominant Class ---------------- Mutant | -10/Materials Scavenger-Mutant | -9/Materials Resources | -11 -10 -9 ----------- Run | Yrd Mat Mat Matter Collected 1042 | 237 429 376 Remotely . | . . . Salvage Created 1167 | . 731 436 Parts 76 | . 52 24 Haulers Intercepted 3 | . 2 1 Recyclers Shooed . | . . . Parts Field Recycled . | . . . Retrieved Matter . | . . . Parts Self-Destructed . | . . . Prevented . | . . . Kills | -11 -10 -9 ------- Run | Yrd Mat Mat Combat Hostiles Destroyed 24 | . 14 10 Guns 24 | . 14 10 Classes Destroyed 8 | . 6 2 Worker 2 | . 2 . Hauler 3 | . 2 1 Mechanic 1 | . . 1 Operator 2 | . 2 . Watcher 1 | . 1 . Swarmer 7 | . 3 4 Grunt 15 | . 11 4 Sentry 2 | . . 2 Best Kill Streak 4 | . 4 3 Combat Bots Only 4 | . 4 3 Max Kills in Single Turn 2 | . 2 1 Gunslinging . | . . . Exploded . | . . . Melee . | . . . Uniques/NPCs Destroyed . | . . . Combat | -11 -10 -9 -------- Run | Yrd Mat Mat Hostile Shots Fired 237 | . 71 166 Missed 60 | . 20 40 Damage Taken 1857 | . 590 1267 Core 414 | . 103 311 Absorbed by Shields . | . . . Core Remaining (%) 79 | 100 58 . Volleys Fired 128 | . 83 45 Largest 2 | . 2 2 Hottest 60 | . 60 46 Shots Fired 249 | . 165 84 Gun 249 | . 165 84 Cannon . | . . . Launcher . | . . . Special . | . . . Kinetic 197 | . 113 84 Thermal 52 | . 52 . Explosive . | . . . Electromagnetic . | . . . Robot Hit Streak 12 | . 9 12 Robot Miss Streak 5 | . 5 2 Penetration Max . | . . . Secondary Targets 2 | . . 2 Max Gunslinging Chain 1 | . . 1 Shots Hit Robots 161 | . 100 61 Core Hits 60 | . 40 20 Critical Kills . | . . . Critical Parts Destroyed . | . . . Critical Strikes . | . . . Melee Attacks . | . . . Impact . | . . . Slashing . | . . . Piercing . | . . . Sneak Attacks . | . . . Combat Hostiles . | . . . Follow-up Attacks . | . . . Damage Inflicted 2012 | . 1158 854 Guns 2012 | . 1158 854 Cannons . | . . . Explosions . | . . . Melee . | . . . Ramming . | . . . Kinetic 1681 | . 827 854 Thermal 331 | . 331 . Explosive . | . . . Electromagnetic . | . . . Impact . | . . . Slashing . | . . . Piercing . | . . . Highest Corruption . | . . . Average Corruption . | . . . Corruption Purged . | . . . Corruption Blocked . | . . . Overload Shots . | . . . Overflow Damage . | . . . Projectiles . | . . . Explosions . | . . . Melee . | . . . Knockbacks . | . . . Impact . | . . . Kinetic . | . . . Secondary . | . . . Self-Inflicted Damage . | . . . Shots . | . . . Rammed . | . . . Targets Rammed . | . . . Kicked . | . . . Crushed . | . . . Highest Temperature 66 | . 66 6 Average Temperature 25 | . 25 2 Received Heat Transfer 606 | . 303 303 Siege Activations . | . . . Robots Corrupted . | . . . Combat Hostiles . | . . . Parts Fried . | . . . Impact Corruptions . | . . . Robots Melted . | . . . Combat Hostiles . | . . . Parts Melted 2 | . 2 . Heat Transferred 750 | . 750 . Parts Sabotaged . | . . . Parts Stolen . | . . . Parts Stripped . | . . . Power Chain Reactions . | . . . Alert | -11 -10 -9 ------- Run | Yrd Mat Mat Peak Influence 211 | . 211 171 Initial 10 | . . 10 Average 74 | . 91 52 Maximum Alert Level 1 | . 1 . Low Security (%) 98 | 100 97 100 Level 1 1 | . 2 . Level 2 . | . . . Level 3 . | . . . Level 4 . | . . . Level 5 . | . . . High Security . | . . . Max Security . | . . . Squads Dispatched 5 | . 5 . Investigation 2 | . 2 . Extermination . | . . . Reinforcement 3 | . 3 . Assault . | . . . Garrison . | . . . Intercept . | . . . Searches Triggered . | . . . Construction Impeded . | . . . Haulers Reinforced . | . . . Active Scanning Responses . | . . . Cargo Convoy Interrupts . | . . . Stealth | -11 -10 -9 --------- Run | Yrd Mat Mat Distress Signals 5 | . 4 1 Communications Jammed . | . . . Distress Signals . | . . . Times Spotted 47 | . 27 20 Peak Tracking Total 8 | . 4 8 Tactical Retreats 4 | . 2 2 Traps | -11 -10 -9 ------- Run | Yrd Mat Mat Traps Triggered 1 | . 1 . Indirectly . | . . . Trap Hack Attempts . | . . . Triggered . | . . . Disarmed . | . . . Reprogrammed . | . . . Reused . | . . . Traps Extracted . | . . . Installed . | . . . Triggered . | . . . Machines | -11 -10 -9 ---------- Run | Yrd Mat Mat Machines Disabled . | . . . Max in Single Turn . | . . . Machines Repaired . | . . . Machines Dismantled . | . . . Machines Sabotaged . | . . . Overloaded Fab Kills . | . . . Hacking | -11 -10 -9 --------- Run | Yrd Mat Mat Machines Accessed 4 | . 3 1 Terminals 4 | . 3 1 Fabricators . | . . . Repair Stations . | . . . Recycling Units . | . . . Scanalyzers . | . . . Garrison Access . | . . . Total Hacks 11 | . 9 2 Successful 6 | . 5 1 Failed 5 | . 4 1 Catastrophic 3 | . 2 1 Database Lockouts . | . . . Manual 9 | . 7 2 Terminals 11 | . 9 2 Fabricators . | . . . Repair Stations . | . . . Recycling Units . | . . . Scanalyzers . | . . . Garrison Access . | . . . Terminal Hacks 3 | . 3 . Locate Traps 1 | . 1 . Zone Layout 2 | . 2 . Fabricator Hacks . | . . . Repair Station Hacks . | . . . Recycling Unit Hacks . | . . . Scanalyzer . | . . . Garrison Access Hacks . | . . . Unauthorized Hacks 3 | . 2 1 Terminals 3 | . 2 1 Assimilate 1 | . 1 . Botnet 2 | . 1 1 Fabricators . | . . . Repair Stations . | . . . Recycling Units . | . . . Scanalyzers . | . . . Garrison Access . | . . . Data Cores Recovered . | . . . Used . | . . . Hacking Detections 4 | . 3 1 Full Trace Events 1 | . 1 . Feedback Events . | . . . Feedback Blocked . | . . . Robot Schematics Acquired . | . . . Robots Built . | . . . Authchips . | . . . Time . | . . . Total Robot Build Rating . | . . . Part Schematics Acquired . | . . . Parts Built . | . . . Authchips . | . . . Time . | . . . Total Part Build Rating . | . . . Parts Repaired . | . . . Time . | . . . Parts Recycled . | . . . Recycled Matter . | . . . Retrieved Matter . | . . . Retrieved Components . | . . . Parts Scanalyzed . | . . . Part Schematics Acquired . | . . . Parts Damaged . | . . . Bothacking | -11 -10 -9 ------------ Run | Yrd Mat Mat Used RIF Installer . | . . . Robots Hacked . | . . . Non-combat . | . . . Combat . | . . . Robot Hacks Applied . | . . . Relay Couplers Released . | . . . Fabnet Peak Effective % . | . . . Robots Rewired . | . . . Allies Hacked . | . . . Hacks Repelled . | . . . Allies | -11 -10 -9 -------- Run | Yrd Mat Mat Total Allies . | . . . Largest Group . | . . . Highest-Rated Group . | . . . Highest-Rated Ally . | . . . Total Orders . | . . . Ally Attacks . | . . . Total Damage . | . . . Kills . | . . . Allies Corrupted . | . . . Allies Melted . | . . . Intel | -11 -10 -9 ------- Run | Yrd Mat Mat Robot Analysis Total . | . . . Derelict Logs Recovered . | . . . Drone Launches . | . . . Drone Recoveries . | . . . Exploration | -11 -10 -9 ------------- Run | Yrd Mat Mat Turns Passed 2271 | 63 1342 866 Spaces Moved 1164 | 47 675 442 Core 21 | 10 . 11 Treads . | . . . Legs 1138 | 37 675 426 Wheels . | . . . Hover . | . . . Flight 5 | . . 5 Fastest Speed 50 | 50 120 117 Average Speed 132 | 105 120 153 Slowest Speed 250 | 120 120 250 Overloaded Moves . | . . . Propulsion Burnouts . | . . . Robots Hopped . | . . . Cave-ins Triggered . | . . . Exploration Rate (%) 34 | 4 76 23 Regions Visited 2 Branch Regions . Pre-discovered Areas . | . . . Known Exits Taken . | . . . Unknown Exits Taken 2 | 1 1 . Scrap Searched . | . . . Spaces Dug . | . . . Terrain Destroyed . | . . . Melee . | . . . Projectile . | . . . AOE . | . . . Terrain Rammed . | . . . Walls Destroyed . | . . . Machines Disabled . | . . . Actions | -11 -10 -9 --------- Run | Yrd Mat Mat Total 1661 | 60 1052 549 Wait 249 | . 232 17 Move 1162 | 46 674 442 Hop . | . . . Pick Up 51 | 8 29 14 Fast Attach . | . . . Attach 15 | 6 4 5 Detach . | . . . Swap 28 | . 13 15 Drop 28 | . 17 11 Fire 128 | . 83 45 Melee . | . . . Ram . | . . . Kick . | . . . Crush . | . . . Escape Stasis . | . . . Rewire . | . . . Trap . | . . . Miscellaneous . | . . . Route ------- -11/Scrapyard -10/Materials (discovered 4 exits: *Mat x2 / [*Min x2]) -9/Materials History --------- Turn | Location | Event 17 | -11/Scrapyard | Discovered new exit (range 15) 64 | -11/Scrapyard | Entered Materials 301 | -10/Materials | Build established: Mutant 1018 | -10/Materials | Discovered new exit (range 6) 1113 | -10/Materials | Discovered new exit (range 12) 1113 | -10/Materials | Discovered new exit (range 16) 1388 | -10/Materials | Discovered new exit (range 15) 1406 | -10/Materials | Entered another Materials area 1406 | -9/Materials | Evolved 2 slots: Utility x2 1504 | -9/Materials | Build established: Scavenger-Mutant 2245 | -9/Materials | Core integrity fell below 50% 2272 | -9/Materials | Self-destructed Last Messages --------------- 02207_ G-34 Mercenary destroyed. 02207_ Switching to secondary target: Y-45 Defender. 02208_ C-30 ARC bursts open, deploying its payload. 02208_ S-10 Pest unfolds itself. 02210_ Acquired 50 matter. 02213_ Hvy. Assault Rifle destroyed. 02216_ Aluminum Leg destroyed. 02217_ K-01 Serf collects debris. 02220_ Lgt. Ion Engine destroyed. 02222_ U-05 Engineer builds a Door. 02223_ K-01 Serf collects debris. 02225_ Assault Rifle destroyed. 02226_ K-01 Serf collects debris. 02232_ Lgt. Armor Plating destroyed. 02232_ K-01 Serf collects debris. 02236_ Imp. Aluminum Leg destroyed. 02240_ Flight Unit destroyed. 02256_ Acquired Hvy. Assault Rifle. 02264_ S-10 Pest destroyed. 02270_ Hvy. Assault Rifle destroyed. Map ----- +----------------------------------------------------+ | ????????????###########???## ####????????????????? | | ????????????## ####### ####????????????????? | | ??????## ???## ##### ####??????????????? | | ??????## ?? # " ### ??????????????? | | ?????? # ? # "%" ????????????? | | ?????? + # " # ????????????????? | | ?????? # # ##### # ????????????????? | | ?????? # # [= ######???## ????????????????? | | ?????? # = ###??????????????????????????? | | ?????? # *###??????????????????????????? | | ?????? # #### ???" a# ????????????????? | | ?????? # #### """ # ????????????????? | | ???? +a + # ????????????????? | | ????? # ############ ????????????????? | | ?????" / ###########??????????????????? | | ?????" # ####/#/#######??????????????????????? | | ?????? # # ##??????????????????????? | | ?????? # # ##??????????????????????? | | ??????"# ? # """ ##??????????????????????? | | ??????"# ? #"S """ ###?????????????????????? | | ??????"# #""" """ ###?????????????????????? | | ?????? # # "" ##?????????????????????? | | ??????## # ###?????????????????????? | | ??????## ###+###########?????????????????????? | | ??????## * Y ##?????????????????????? | | ??????## #####@##?????????????????????? | | ??????## ##### ##?????????????????????? | | ??????## ##?## ##?????????????????????? | | ??????## [ #####s##?????????????????????? | | ??????####+######+#+#####/##?????????????????????? | | ??????### = ! ##?????????????????????? | | ???????## """ """ """ """ ##?????????????????????? | | ???????## """ """ """ """ ##?????????????????????? | | ???????## """ """ """ """ ##?????????????????????? | | ???????## ##?????????????????????? | | ???????## = ##?????????????????????? | | ???????## ! ##?????????????????????? | | ???????################+####?????????????????????? | | ???????####### # ####?????????????????????? | | ????????????##" """ !# ##???????????????????????? | | ????????????##" """ #!#######??????????????????? | | ????????????##" """ #!#######??????????????????? | | ????????????##T #!+ ##??????????????????? | | #######?????##" """ #=# !##??????????????????? | | #######?????##" """ # # ##??????????????????? | | ##?????##" """ # # ##??????????????????? | | """ ######### /# # ##??????????????????? | | """=############+##### # ##??????????????????? | | """ # ! + ##??????????????????? | | [+ * # ##??????????????????? | +----------------------------------------------------+ Best States ------------- Heat Dissipation 28 Energy Generation 10 Energy Capacity 250 Matter Stores 300 Matter Capacity 300 Sight Range 16 Terrain Scan Density 10 Armor Coverage 150 Evasion (%) 55 Item Schematics ----------------- None Robot Schematics ------------------ None Fabricated ------------ Nothing Alien Tech Used ----------------- None Achievements -------------- None Challenges ------------ None Game ------ Seed TrapPersonalMachine Manual? 0 Play Time 00:21:21 Cumulative 10.1 hours Start 2024.12.28 @ 00:06:53 End 2024.12.28 @ 00:27:29 Sessions 1 Manual Loads 0 Difficulty Rogue Special Mode None Game No. 18 Rogue 11 Adventurer 7 Explorer 0 Win Type - Total 0 Types 0/0/0/0/0/0/0/0/0 Lore% 6 Gallery% 18 Achievement% 16 Wizard Run 0 Options --------- Layout 0 ASCII 0 Keyboard 0 Movement Mouse Keybinds 0 Fullscreen 1 Font 24/Smallcaps Map View 76x50 Zoom Use 0% Tactical HUD 1 Map Filters NONE Filters NONE Steam 1 RUN: 99dba4c7-e061-45aa-a74e-837518230459